 Dungeon Crawl Stone Soup version 0.24-a0-378-g94936e539c (webtiles) character file.

Game seed: 9757324962222917069

66 HAL9000 the Sneak (level 4, -6/23 HPs)
             Began as a Vine Stalker Assassin on June 2, 2019.
             Mangled by an orc
             ... wielding a +0 flail
              (7 damage)
             ... on level 2 of the Dungeon.
             The game lasted 00:01:57 (1593 turns).

HAL9000 the Sneak (Vine Stalker Assassin)           Turns: 1593, Time: 00:01:58

Health: -6/23      AC:  3    Str: 15    XL:     4   Next: 15%
Magic:  0/5        EV: 11    Int: 11    God:
Gold:   55         SH:  0    Dex: 15    Spells: 3/3 levels left

rFire    . . .     SeeInvis .   a - +2 dagger
rCold    . . .     Gourm    .   (no shield)
rNeg     . . .     Faith    .   b - +0 robe
rPois    .         Spirit   +   (no helmet)
rElec    .         Reflect  .   c - +0 cloak
rCorr    .         Harm     .   (no gloves)
MR       .....                  (no boots)
Stlth    +++.......             (no amulet)
HPRegen  0.47/turn              (no ring)
MPRegen  0.09/turn              (no ring)

@: no status effects
A: fangs 2, regeneration 1, magic shield, antimagic bite, no potion heal 3, rot
immunity
a: no special abilities


You were on level 2 of the Dungeon.
You were not hungry.

You visited 1 branch of the dungeon, and saw 2 of its levels.

You collected 55 gold pieces.

Inventory:

Hand Weapons
 a - a +2 dagger (weapon)
Missiles
 d - 8 poisoned darts
 e - a curare-tipped dart (quivered)
Armour
 b - a +0 robe (worn)
 c - a +0 cloak (worn)
Scrolls
 g - a scroll of amnesia {unknown}
 h - a scroll of enchant weapon {unknown}
 i - 2 scrolls of identify {unknown}
 j - 2 scrolls of teleportation
Potions
 k - 2 potions of heal wounds {unknown}
 l - a potion of curing {unknown}
 m - a potion of mutation {unknown}
Comestibles
 f - 4 rations


   Skills:
 - Level 1.7 Fighting
 + Level 3.9 Short Blades
 - Level 1.7 Throwing
 - Level 0.7 Dodging
 - Level 4.8 Stealth


You had 3 spell levels left.
You didn't know any spells.
Your spell library contained the following spells:

 Spells                   Type           Power        Failure   Level  Hunger
 Confusing Touch          Hex            #.....       34%         1    ##.....
 Confuse                  Hex            #.......     71%         3    ####...
 Gell's Gravitas          Tloc           #.........   71%         3    ####...
 Petrify                  Tmut/Erth      #.......     98%         4    #####..
 Metabolic Englaciation   Hex/Ice        #.........   100%        5    ######.
 Yara's Violent Unravell  Hex/Tmut       #.........   100%        5    ######.


Dungeon Overview and Level Annotations

Branches:
Dungeon (2/15)

Altars:
Ashenzari
Sif Muna


Innate Abilities, Weirdness & Mutations

You have extremely sharp teeth.
Your natural rate of healing is unusually fast.
When hurt, damage is shared between your health and your magic reserves.
Your bite disrupts and absorbs the magic of your enemies.
Potions cannot restore your health.
You are immune to rotting.


Message History

The orc priest is lightly wounded.
The giant cockroach barely misses you. The orc priest barely misses you.
You hit the orc priest.
The orc priest is moderately wounded.
The orc closely misses you.
The giant cockroach bites you but does no damage.
Quiver which item? (- for none, * to show all) (? for menu, Esc to quit)
Quivering
e - 2 curare-tipped darts for throwing.
Throwing (i - inventory. (/) - cycle)
e - 2 curare-tipped darts (quivered)
Press: ? - help, Shift-Dir - straight line, f - giant cockroach
Aim: a giant cockroach (clinging)
You throw a curare-tipped dart.
The curare-tipped dart hits the giant cockroach.
The giant cockroach is poisoned.
The giant cockroach convulses.
You kill the giant cockroach!
The orc priest invokes the aid of Beogh against you.
Pain shoots through your body!
* * * LOW HITPOINT WARNING * * *
The orc hits you with a +0 flail!
You die...

###...# ###.#####.## .#
####....#.#....###.#
##......##.##.......#
........#...#.......#
.......##...##......#
.#.....#.....#......#
.......#.....#.(oo..##########
.####......†####@## #.>.....#
..................# #.#####.#
.####.......####..# #.# #.#
............#.##..####)#####.#
.####........#.#...........#.#
####.#..## ....###.###.#.#
#.#.## ##...# #.# #.#.#
#.##.###..>)###.# #.#.#
#..)..#.........# #.#.####


You could see an orc priest and an orc.

Vanquished Creatures
  An adder (D:2)
  An ooze (D:1)
  A worm (D:2)
  3 dart slugs
  A leopard gecko (D:1)
  An orc (D:2)
  A ball python (D:1)
  4 giant cockroaches
  3 goblins
  5 hobgoblins (D:1)
  3 jackals (D:1)
  3 kobolds
  6 bats
  4 frilled lizards
  4 rats
41 creatures vanquished.

Notes
Turn   | Place    | Note
-------+----------+-------------------------------------------
     0 | D:1      | HAL9000 the Vine Stalker Assassin began the quest for the
                  | Orb.
     0 | D:1      | Reached XP level 1. HP: 11/11 MP: 2/2
   115 | D:1      | Reached XP level 2. HP: 15/15 MP: 3/3
   432 | D:1      | Reached XP level 3. HP: 8/18 MP: 4/4
  1258 | D:2      | Found a deep blue altar of Sif Muna.
  1355 | D:2      | Gained mutation: Your natural rate of healing is unusually
                  | fast. [Vine Stalker growth]
  1355 | D:2      | Reached XP level 4. HP: 23/23 MP: 5/5
  1555 | D:2      | Found a shattered altar of Ashenzari.
  1593 | D:2      | HP: 1/23 [orc priest/nerve-wracking pain (9)]
  1593 | D:2      | Mangled by an orc

Levels and vault maps discovered:
D:1:      evilmike_arrival_rings, layout_loops_ring, minmay_pentomino_q4
D:2:      layout_loops_ring, nicolae_ashenzari_panopticon, lemuel_crystal_altar,
          first_ration

Skill      XL: |  1  2 |
---------------+-------+-----
Short Blades   | 2 3 |  3.9
Fighting       | |  1.7
Throwing       | |  1.7
Dodging        | |  0.7
Stealth        | |  4.8

Action                   |  1- 3 |  4- 6 || total
-------------------------+-------+-------++-------
Melee: Dagger            |    89 |    15 ||   104
       Bite              |    19 |    10 ||    29
Throw: Dart              |       |     1 ||     1
  Use: Scroll            |       |     1 ||     1
 Stab: Sleeping          |    14 |     1 ||    15
  Eat: Chunk             |     1 |     1 ||     2
Armor: Robe              |    26 |     6 ||    32
Dodge: Dodged            |    52 |     9 ||    61

Table legend:
 A = Non-vault XP
 B = Vault XP
 C = Vault XP percentage of total XP
 D = Non-vault monster count
 E = Vault monster count
 F = Vault count percentage of total count
                 A         B        C        D         E       F
            +---------+---------+-------+---------+---------+-------
      Total |      90 |       5 |   5.3 |      38 |       3 |   7.3
            +---------+---------+-------+---------+---------+-------
        D:1 |      47 |       5 |   9.6 |      23 |       3 |  11.5
        D:2 |      43 |       0 |   0.0 |      15 |       0 |   0.0
            +---------+---------+-------+---------+---------+-------
